cohdb
Replays
Latest Replays
All Replays
Popular Replays
Top Player Replays
Match Explorer
How It Works
Community
CoH3 Stats
Reddit
Sign in to upload your games and track your stats! →
Sign in with Steam
Match 46482786
Unlisted
Match 46482786
Overview
Messages
Build Orders
End
Selects Armored Battlegroup
Selects Assault Engineers
Assault Engineer Squad
Assault Engineer Squad
Assault Engineer Squad
Assault Engineer Squad
Infantry Support Center
Construct Weapon Support Center
M3 Armored Personnel Carrier
Selects Fast Deploy
Construct Medical Station
M1919 Machine Gun Team
Selects M31 Recovery Vehicle
M3 Armored Personnel Carrier
M1919 Machine Gun Team
Construct Tank Depot
Selects War Machine
M4A1 Sherman Medium Tank
M1919 Machine Gun Team
Bazooka Squad
M4A1 Sherman Medium Tank
M4A1 Sherman Medium Tank
FeriG
天天关注喵
0
0
Comments
sign in to comment!
No comments posted yet!